Map: Templo congelado

Players

Genjuro

  • Race: Zerg Zerg

GothicGhost - Winner!

  • Race: Protoss Protoss

VOD

Have the link to the VOD?

Description

Time

  • Played on: April 27, 2016, 2:52 p.m.
  • Length: 6:32
Show
View Real Time Build Order
Export as new Build Order

Genjuro Zerg 

Build Orders: Hatch First 

Get SALT Encoding   

  12  0:01  Drone  
  13  0:13  Overlord  
  13  0:25  Drone  
  14  0:31  Drone  
  14  0:32  Drone  
  16  0:52  Hatchery  
  15  1:10  Drone, Spawning Pool  
  15  1:13  Drone  
  15  1:16  Drone  
  17  1:19  Extractor  
  16  1:28  Drone  
  16  1:32  Drone  
  18  1:43  Drone  
  19  1:53  Drone  
  20  1:57  Queen  
  22  2:04  Queen  
  22  2:06  Zergling x4  
  26  2:24  Drone  
  26  2:28  Drone  
  28  2:33  Hatchery  
  27  2:39  Metabolic Boost  
  27  2:46  Spore Crawler  
  27  2:49  Drone x2  
  28  2:55  Overlord  
  28  3:16  Queen  
  28  3:18  Drone  
  28  3:19  Drone x5  
  36  3:29  Spore Crawler  
  36  3:30  Drone  
  36  3:40  Lair  
  36  3:43  Extractor  
  35  3:51  Drone x2  
  35  3:52  Drone  
  35  3:54  Roach Warren  
  37  3:59  Evolution Chamber  
  37  4:01  Evolution Chamber  
  35  4:04  Drone x3  
  38  4:10  Drone  
  39  4:19  Drone  
  39  4:20  Drone x2  
  39  4:23  Overlord  
  42  4:32  Spine Crawler  
  42  4:33  Extractor  
  40  4:49  Roach  
  40  4:50  Roach x4  
  40  4:52  Overlord x2  
  50  5:12  Hydralisk Den  
  43  5:28  Zergling x8  
  43  5:29  Zergling x14  
  34  5:45  Roach x2  
  34  5:46  Roach  
  34  5:55  Hydralisk, Drone  
  25  6:05  Hydralisk  
Show
View Real Time Build Order
Export as new Build Order

GothicGhost Protoss - Winner!

Build Orders:  

Get SALT Encoding   

  12  0:01  Probe (Chrono Boost)  
  13  0:11  Probe (Chrono Boost)  
  14  0:17  Pylon  
  14  0:22  Probe (Chrono Boost)  
  15  0:36  Probe (Chrono Boost)  
  15  0:37  Gateway  
  16  0:46  Probe (Chrono Boost), Assimilator  
  17  0:52  Assimilator  
  17  0:57  Probe (Chrono Boost)  
  17  1:02  Pylon  
  18  1:09  Probe (Chrono Boost)  
  19  1:19  Probe (Chrono Boost)  
  20  1:30  Cybernetics Core  
  20  1:33  Gateway  
  20  1:38  Probe (Chrono Boost)  
  21  1:44  Zealot  
  24  1:54  Probe (Chrono Boost)  
  24  2:05  Probe (Chrono Boost)  
  25  2:11  Warp Gate  
  25  2:13  Pylon, Adept  
  27  2:21  Adept  
  29  2:24  Mothership Core (Chrono Boost)  
  31  2:39  Robotics Facility  
  31  2:51  Gateway  
  31  2:55  Pylon  
  31  3:06  Adept x2  
  35  3:17  Twilight Council  
  35  3:29  Observer (Chrono Boost)  
  36  3:41  Adept  
  42  3:49  Immortal (Chrono Boost)  
  42  3:53  Resonating Glaives (Chrono Boost)  
  42  4:25  Pylon, Immortal  
  46  4:38  Pylon  
  46  4:46  Adept x3  
  52  5:04  Warp Prism  
  54  5:10  Adept x2  
  54  5:12  Adept  
  58  6:00  Adept x2  
  62  6:06  Pylon  
Tags
 
Add a new tag
Caveats
  • Supply blocks, unpowered buildings, or Contaminate may cause inaccurate times.
  • Supply counts are checked every 10 seconds.